 Dungeon Crawl Stone Soup version 0.22.1-2-g9c5b331 (webtiles) character file.

874 Liatris the Chopper (level 7, 0/47 HPs)
             Began as a Demonspawn Gladiator on Aug 30, 2018.
             Slain by an ogre
             ... wielding a +0 giant spiked club
              (24 damage)
             ... on level 5 of the Dungeon on Dec 26, 2018.
             The game lasted 00:22:10 (5301 turns).

Liatris the Chopper (Demonspawn Gladiator)          Turns: 5301, Time: 00:22:11

Health: 0/47       AC:  7    Str: 19    XL:     7   Next: 74%
Magic:  7/7        EV:  9    Int: 14    God:
Gold:   269        SH:  3    Dex: 14    Spells: 6/6 levels left

rFire    . . .     SeeInvis .   a - +0 war axe
rCold    . . .     Gourm    .   (no shield)
rNeg     . . .     Faith    .   n - +1 chain mail
rPois    .         Spirit   .   c - +0 helmet
rElec    .         Reflect  +   (no cloak)
rCorr    .         Harm     .   (no gloves)
MR       .....                  (no boots)
Stlth    ..........             t - +3 amulet of reflection
HPRegen  0.15/turn              h - ring of stealth
MPRegen  0.10/turn              (no ring)

@: brilliant
A: hooves 1, deformed body, demonic guardian 1, frail 1, powered by pain 1,
strong 1, wild magic 1
a: no special abilities


You were on level 5 of the Dungeon.
You were not hungry.

You visited 1 branch of the dungeon, and saw 5 of its levels.
You also visited: Ossuary.

You collected 269 gold pieces.

Inventory:

Hand Weapons
 a - a +0 war axe (weapon)
Missiles
 d - 3 throwing nets (quivered)
Armour
 b - a +0 leather armour
 c - a +0 helmet (worn)
 i - a +0 scale mail
 n - a +1 chain mail (worn)
Jewellery
 h - a ring of stealth (left hand)
 t - a +3 amulet of reflection (around neck)
Wands
 e - a wand of random effects (30)
 m - a wand of paralysis (3)
 o - a wand of clouds (5)
 q - a wand of iceblast (9)
Scrolls
 g - a scroll of magic mapping
 j - 4 scrolls of remove curse
 p - a scroll of enchant armour
 r - a scroll of identify
Potions
 k - a potion of magic
 l - a potion of berserk rage
Comestibles
 f - 2 rations


   Skills:
 + Level 3.9 Fighting
 + Level 5.7 Axes
 + Level 2.0 Throwing
 + Level 4.1 Armour
 + Level 3.4 Dodging
 + Level 1.1 Stealth
 + Level 0.5 Evocations


You had 6 spell levels left.
You didn't know any spells.
Your spell library contained the following spells:

 Spells                   Type           Power        Failure   Level  Hunger
 Corona                   Hex            ##.....      34%         1    ##.....
 Ensorcelled Hibernation  Hex/Ice        ##....       45%         2    ###....
 Sublimation of Blood     Necr           ##........   45%         2    ###....
 Confuse                  Hex            ##......     65%         3    ####...
 Dazzling Spray           Conj/Hex       ##....       65%         3    ####...
 Ignite Poison            Fire/Tmut/Pois ##......     65%         3    ####...
 Tukima's Dance           Hex            ##......     65%         3    ####...
 Petrify                  Tmut/Erth      ##......     93%         4    #####..
 Alistair's Intoxication  Tmut/Pois      ##......     99%         5    ######.
 Irradiate                Conj/Tmut      ##........   99%         5    ######.


Dungeon Overview and Level Annotations

Branches:
Dungeon (5/15)
 Temple: D:4-7

Altars:
Ashenzari
Qazlal
Ru
Wu Jian
Yredelemnul


Innate Abilities, Weirdness & Mutations

You have large cloven feet.
A weak demonic guardian rushes to your aid.
You sometimes gain a little power by taking damage.
Armour fits poorly on your strangely shaped body.
You are frail. (-10% HP)
Your muscles are strong. (Str +2)
Your spells are a little harder to cast, but a little more powerful.


Message History

Aiming: Paralyse
Press: ? - help, Shift-Dir - straight line, f/p - ogre
Aim: an ogre, wielding a giant spiked club (lightly wounded, chance to defeat The ogre resists with some effort.
You hit the ogre. You kick the ogre.
The ogre is lightly wounded.
The ogre hits you with a giant spiked club!
Evoke which item? (* to show all) (? for menu, Esc to quit)
Aiming: Paralyse
Press: ? - help, Shift-Dir - straight line, f/p - ogre
Aim: an ogre, wielding a giant spiked club (lightly wounded, chance to defeat The ogre resists with some effort.
The ogre barely misses you.
Evoke which item? (* to show all) (? for menu, Esc to quit)
Aiming: Paralyse
Press: ? - help, Shift-Dir - straight line, f/p - ogre
Aim: an ogre, wielding a giant spiked club (lightly wounded, chance to defeat The ogre resists with some effort.
The ogre hits you with a giant spiked club!!
Ouch! That really hurt!
You die...

(.# ##########.#
#.(......#.# #.#
#.#.######.#[# #.#
#.#.# #.#.#
#.###.#.# #.#.#
......#.# #.#.#
......#<# #.#O#
......########.#@#
...............#.#
)).......#######.##
###.####..........#
#.....##.>#########
.......#.##
.......#.#
..._.....#
...)...#.#


You could see an ogre.

Vanquished Creatures
  2 phantoms
  2 ogres
  A scorpion (D:4)
  A crimson imp (D:5)
  A hound (D:3)
  A bullfrog skeleton (D:4)
  An iguana (D:5)
  3 worker ants
  3 orc wizards
  A worker ant zombie (D:5)
  5 adders
  An ooze (D:4)
  3 worms
  4 dart slugs
  6 leopard geckos
  25 orcs
  6 giant cockroaches
  5 goblins
  2 hobgoblins (D:1)
  10 jackals
  6 kobolds
  A ball python (D:3)
  A bat (D:3)
  5 frilled lizards
  A leopard gecko skeleton (D:5)
  8 rats
105 creatures vanquished.

Vanquished Creatures (collateral kills)
  A sky beast (D:3)
  A hound (D:4)
  2 adders
  A frilled lizard (D:5)
5 creatures vanquished.

Vanquished Creatures (others)
  Edmund (D:5)
  An orc (D:5)
2 creatures vanquished.

Grand Total: 112 creatures vanquished

Notes
Turn   | Place    | Note
-------+----------+-------------------------------------------
     0 | D:1      | Liatris the Demonspawn Gladiator began the quest for the
                  | Orb.
     0 | D:1      | Reached XP level 1. HP: 16/16 MP: 1/1
   173 | D:1      | Gained mutation: You have large cloven feet. [demonic
                  | ancestry]
   173 | D:1      | Reached XP level 2. HP: 9/22 MP: 2/2
   526 | D:1      | Reached skill level 3 in Axes
   597 | D:1      | Found a shattered altar of Ashenzari.
   667 | D:1      | Gained mutation: A weak demonic guardian rushes to your
                  | aid. [demonic ancestry]
   667 | D:1      | Reached XP level 3. HP: 24/27 MP: 3/3
  1093 | D:2      | Found an ornate altar of the Wu Jian Council.
  1097 | D:2      | Found a sacrificial altar of Ru.
  1249 | D:2      | Gained mutation: Armour fits poorly on your strangely
                  | shaped body. [potion of mutation]
  1249 | D:2      | Gained mutation: You are frail. (-10% HP) [potion of
                  | mutation]
  1249 | D:2      | Gained mutation: Your muscles are strong. (Str +2) [potion
                  | of mutation]
  1249 | D:2      | Gained mutation: Your spells are a little harder to cast,
                  | but a little more powerful. [potion of mutation]
  1821 | D:3      | Reached skill level 1 in Armour
  1846 | D:3      | Reached XP level 4. HP: 17/29 MP: 4/4
  2068 | D:3      | Noticed a sky beast
  2076 | D:3      | Killed a sky beast
  2339 | D:3      | Reached skill level 4 in Axes
  2339 | D:3      | Reached XP level 5. HP: 25/35 MP: 5/5
  2821 | D:3      | Reached XP level 6. HP: 41/41 MP: 6/6
  3424 | D:4      | Found a sand-covered staircase.
  3431 | Ossuary  | Entered an ossuary
  4236 | D:4      | Reached skill level 5 in Axes
  4236 | D:4      | Gained mutation: You sometimes gain a little power by
                  | taking damage. [demonic ancestry]
  4236 | D:4      | Reached XP level 7. HP: 34/46 MP: 7/7
  4330 | D:4      | Found a basalt altar of Yredelemnul.
  4624 | D:5      | Entered Level 5 of the Dungeon
  4650 | D:5      | Found a stormy altar of Qazlal.
  4718 | D:5      | Killed Edmund
  4798 | D:5      | Reached skill level 1 in Stealth
  4923 | D:5      | Upgraded the game from 0.22.0-38-g04b72b8 to
                  | 0.22.1-2-g9c5b331
  5301 | D:5      | Slain by an ogre

Skill      XL: |  1  2  3  4  5  6  7 |
---------------+----------------------+-----
Throwing       | 2 |  2.0
Dodging        | 3 |  3.4
Axes           | 3 4 5 |  5.7
Armour         | 1 2 3 4 |  4.1
Fighting       | 3 |  3.9
Stealth        | 1 |  1.1
Evocations     | |  0.5

Action                   |  1- 3 |  4- 6 |  7- 9 || total
-------------------------+-------+-------+-------++-------
Melee: War axe           |    95 |   136 |    70 ||   301
       Kick              |    13 |    44 |    30 ||    87
Evoke: Wand              |       |     3 |     9 ||    12
  Use: Potion            |     5 |       |     3 ||     8
       Scroll            |     4 |     1 |     3 ||     8
 Stab: Paralysed         |       |     3 |     1 ||     4
  Eat: Ration            |     1 |     3 |     1 ||     5
Armor: Leather armour    |     4 |       |       ||     4
       Scale mail        |    21 |       |       ||    21
       Chain mail        |    19 |    55 |    30 ||   104
Dodge: Dodged            |    59 |    68 |    38 ||   165
